 Dungeon Crawl Stone Soup version 0.22-a0-147-gfdd7f25 (webtiles) character file.

15 mhoghedin the Charlatan (level 2, 9/16 HPs)
             Began as a Kobold Artificer on Feb 6, 2018.
             Quit the game on level 1 of the Dungeon.
             The game lasted 00:00:57 (535 turns).

mhoghedin the Charlatan (Kobold Artificer)           Turns: 535, Time: 00:00:58

Health: 9/16       AC:  3    Str:  9    XL:     2   Next: 65%
Magic:  4/5        EV: 15    Int: 12    God:
Gold:   30         SH:  0    Dex: 15    Spells: 1/1 levels left

rFire    + . .     SeeInvis .   a - +0 short sword
rCold    x . .     Gourm    .   (shield restricted)
rNeg     . . .     Faith    .   b - +0 leather armour
rPois    .         Spirit   .   (no helmet)
rElec    .         Reflect  .   (no cloak)
rCorr    .         Harm     .   (no gloves)
MR       .....                  (no boots)
Stlth    ++........             (no amulet)
HPRegen  0.05/turn              g - ring of fire {rF+, rC-}
MPRegen  0.09/turn              (no ring)

@: no status effects
A: small, carnivore
a: no special abilities


You were on level 1 of the Dungeon.
You were very full.

You visited 1 branch of the dungeon, and saw 1 of its levels.

You collected 30 gold pieces.

Inventory:

Hand Weapons
 a - a +0 short sword (weapon)
Armour
 b - a +0 leather armour (worn)
Jewellery
 g - a ring of fire (left hand) {rF+, rC-}
   (You found it on level 1 of the Dungeon)
Wands
 c - a wand of flame (15)
 d - a wand of enslavement (14)
 e - a wand of random effects (15)
Scrolls
 i - a scroll of noise {unknown}
 j - a scroll of enchant weapon {unknown}
 k - a scroll of immolation {unknown}
Potions
 h - a potion of flight {unknown}
Comestibles
 f - a ration
 l - 2 chunks of flesh {@w0}


   Skills:
 - Level 1.1 Fighting
 + Level 2.2 Short Blades
 + Level 2.9 Dodging
 - Level 1.3 Stealth
 + Level 4.0 Evocations


You had one spell level left.
You didn't know any spells.

Dungeon Overview and Level Annotations

Branches:
Dungeon (1/15)

Altars:


Innate Abilities, Weirdness & Mutations

You are small and have problems with some larger weapons.
You are carnivorous and can eat meat at any time.


Message History

Your hobgoblin closely misses the giant cockroach.
The giant cockroach misses you.
You hit the giant cockroach but do no damage.
The giant cockroach misses you.
Your hobgoblin says, "Be careful!"
Your hobgoblin hits the giant cockroach but does no damage.
You closely miss the giant cockroach.
The giant cockroach bites you but does no damage.
Your hobgoblin hits the giant cockroach with a club.
The giant cockroach closely misses you.
You closely miss the giant cockroach.
Your hobgoblin hits the giant cockroach with a club.
The giant cockroach dies!
You see here a giant cockroach corpse.
You butcher the giant cockroach corpse.
k - a chunk of flesh {@w0}
Things that are here:
a club; a goblin corpse You butcher the goblin corpse.
k - 3 chunks of flesh {@w0} (gained 2)
Things that are here:
a club; a goblin skeleton Eating one of 3 chunks of flesh {@w0}.
You eat one of the 3 chunks of flesh {@w0}.
This raw flesh tastes great.
Unknown command.
Unknown command.
Eating one of 2 chunks of flesh {@w0}.
You eat one of the 2 chunks of flesh {@w0}.
This raw flesh tastes great.
Eating a chunk of flesh {@w0}.
You eat the chunk of flesh {@w0}.
This raw flesh tastes great.
You swap places.
The hobgoblin is no longer charmed.
The hobgoblin is too close now for your liking.
You regained 2 hp, and now have 10/16 hp.
A hobgoblin is nearby!
You hit the hobgoblin. The hobgoblin barely misses you.
You closely miss the hobgoblin. The hobgoblin closely misses you.
You hit the hobgoblin but do no damage. The hobgoblin misses you.
You closely miss the hobgoblin. The hobgoblin completely misses you.
You hit the hobgoblin.
You kill the hobgoblin!
Things that are here:
a club; a hobgoblin corpse You butcher the hobgoblin corpse.
k - a chunk of flesh {@w0} You see here a club.
Eating a chunk of flesh {@w0}.
You eat the chunk of flesh {@w0}.
This raw flesh tastes great.
Found a stone staircase leading down.
k - a scroll labeled XOVEPN VOSKICO No target in view!
No target in view!
No target in view!
You open the door.
A goblin comes into view.
The goblin shouts!
Health restored: 16 A goblin is nearby!
A leopard gecko comes into view.
There is an open door here.
You closely miss the goblin. The goblin hits you but does no damage.
You closely miss the goblin. The leopard gecko bites you.
The goblin hits you but does no damage.
You take 1 damage, and have 15/16 hp.
You hit the goblin.
You kill the goblin!
The leopard gecko bites you.
You take 3 damage, and have 12/16 hp.
You hit the leopard gecko but do no damage.
The leopard gecko bites you but does no damage.
You hit the leopard gecko. The leopard gecko misses you.
The leopard gecko bites you.
You take 3 damage, and have 9/16 hp.
You are too injured to fight recklessly!
You are too injured to fight recklessly!
You are too injured to fight recklessly!
You are too injured to fight recklessly!
You are too injured to fight recklessly!
You are too injured to fight recklessly!
You are too injured to fight recklessly!
You are too injured to fight recklessly!
You are too injured to fight recklessly!
You are too injured to fight recklessly!
You are too injured to fight recklessly!
You are too injured to fight recklessly!
You are too injured to fight recklessly!
You are too injured to fight recklessly!
You are too injured to fight recklessly!
You are too injured to fight recklessly!
You are too injured to fight recklessly!
You hit the leopard gecko.
You kill the leopard gecko!
Your Evocations skill increases to level 4!
You see here a leopard gecko corpse.
You see here a leopard gecko corpse.
You butcher the leopard gecko corpse.
l - 2 chunks of flesh {@w0}
There is an open door here.

#....##..[.#.#.....#
##...##....#.####..#
.'....#..#.........#
.##...#..#.)..###..########
..#...#...................#
..#...#.........##.######.#
..#...#..#.#....##.#.# #.#
.##...#..#.#....##.#.# #.#
.#....#.........@....# #.#
##...##..)......####.# #.#
#....# ........# #.# #.#
### ....## ........# #.#
#.# #.# ...## .#.....##
#.## #.# #.# ..## .......
#..# #.###.### ### .#.....
#..# #........ #.....
#..#######.### .......
#........#.#


There were no monsters in sight!

Vanquished Creatures
  A dart slug (D:1)
  A leopard gecko (D:1)
  2 giant cockroaches (D:1)
  4 goblins (D:1)
  A hobgoblin (D:1)
9 creatures vanquished.

Vanquished Creatures (collateral kills)
  A giant cockroach (D:1)
1 creature vanquished.

Grand Total: 10 creatures vanquished

Notes
Turn   | Place    | Note
-------+----------+-------------------------------------------
     0 | D:1      | mhoghedin the Kobold Artificer began the quest for the Orb.
     0 | D:1      | Reached XP level 1. HP: 12/12 MP: 3/3
   247 | D:1      | Reached XP level 2. HP: 13/16 MP: 4/4
   250 | D:1      | Reached skill level 2 in Short Blades
   527 | D:1      | Reached skill level 4 in Evocations
   535 | D:1      | Quit the game

Vault maps used:
D:1:      dpeg_arrival_circle_labyrinth_a

Skill      XL: |  1  2 |
---------------+-------+-----
Short Blades   | 2 |  2.2
Evocations     | 4 |  4.0
Fighting       | |  1.1
Dodging        | |  2.9
Stealth        | |  1.3

Action                   || total
-------------------------++-------
Melee: Short sword       ||    46
Evoke: Wand              ||     1
  Eat: Chunk             ||     5
Armor: Leather armour    ||    10
Dodge: Dodged            ||    49

Table legend:
 A = Spawn XP
 B = Non-spawn XP
 C = Spawn XP percentage of total XP
 D = Spawn monster count
 E = Non-spawn monster count
 F = Spawn count percentage of total count
 G = Total turns spent on level
                    A         B        C        D         E        F      G
               +---------+---------+-------+---------+---------+-------+---------
         Total |       0 |      22 |   0.0 |       0 |      10 |   0.0 |   535
               +---------+---------+-------+---------+---------+-------+---------
           D:1 |       0 |      22 |   0.0 |       0 |      10 |   0.0 |   535
               +---------+---------+-------+---------+---------+-------+---------

Vault maps used:
D:1:      dpeg_arrival_circle_labyrinth_a

Table legend:
 A = Turns spent in this place as a percentage of turns spent in the entire game.
 B = Non-inter-level travel turns spent in this place as a percentage of non-inter-level travel turns spent in the entire game.
 C = Inter-level travel turns spent in this place as a percentage of turns spent in this place.
 D = Turns resting spent in this place as a percentage of non-inter-level travel turns spent in this place.
 E = Turns spent auto-exploring this place as a percentage of non-inter-level travel turns spent in this place.
 F = Non-inter-level travel turns spent in this place divided by the number of levels of this place that you've seen.
                   A       B       C       D       E      F
               +-------+-------+-------+-------+-------+----------------------
         Total | 100.0 | 100.0 |   0.0 |   0.0 |  78.7 | 535.0
       Dungeon | 100.0 | 100.0 |   0.0 |   0.0 |  78.7 | 535.0
               +-------+-------+-------+-------+-------+----------------------

Table legend:
 A = Kills in this place as a percentage of kills in entire the game.
 B = Kills by you in this place as a percentage of kills by you in the entire game.
 C = Kills by friends in this place as a percentage of kills by friends in the entire game.
 D = Other kills in this place as a percentage of other kills in the entire game.
 E = Experience gained in this place as a percentage of experience gained in the entire game.
 F = Experience gained in this place divided by the number of levels of this place that you have seen.
                   A       B       C       D       E      F
               +-------+-------+-------+-------+-------+----------------------
         Total | 100.0 | 100.0 | 100.0 |   N/A | 100.0 |  22.0
       Dungeon | 100.0 | 100.0 | 100.0 |   N/A | 100.0 |  22.0
               +-------+-------+-------+-------+-------+----------------------
